 Dungeon Crawl Stone Soup version 0.30.1-11-g7821555f0a (webtiles) character file.

Game seed: 10086017640658536294

17 Azazsd the Trooper (level 2, -4/24 HPs)
             Began as a Demonspawn Chaos Knight on Nov 15, 2023.
             Was a Plaything of Xom.
             Slain by an ice beast (glowing shapeshifter) (6 damage)
             ... on level 1 of the Dungeon.
             The game lasted 00:01:20 (750 turns).

Azazsd the Trooper (Demonspawn Chaos Knight)         Turns: 750, Time: 00:01:20

Health: -4/24      AC:  7    Str: 12    XL:     2   Next: 44%
Magic:  2/2        EV: 11    Int: 13    God:    Xom [..*...]
Gold:   78         SH:  0    Dex: 12    Spells: 1/1 levels left

rFire   . . .        a - +0 hand axe (chaos)
rCold   . . .        (no shield)
rNeg    . . .        b - +2 leather armour
rPois   .            (no helmet)
rElec   .            (no cloak)
rCorr   .            (no gloves)
SInv    .            (no boots)
Will    .....        (no amulet)
Stlth   +            (no ring)
HPRegen 0.24/turn    (no ring)
MPRegen 0.08/turn

%: no passive effects
@: no status effects
A: yellow scales 1
a: Renounce Religion


You were on level 1 of the Dungeon.
You worshipped Xom.
You were a toy of Xom.
You visited 1 branch of the dungeon, and saw 2 of its levels.

You collected 78 gold pieces.

Inventory:

Hand Weapons
 a - a +0 hand axe of chaos (weapon)
Armour
 b - a +2 leather armour (worn)
Jewellery
 i - a ring of ice
Scrolls
 d - a scroll of teleportation {unknown}
 f - a scroll of enchant weapon {unknown}
 h - a scroll of identify {unknown}
 j - a scroll of brand weapon {unknown}
Potions
 e - a potion of might {unknown}
 g - a potion of attraction {unknown}
 k - a potion of lignification {unknown}
 l - a potion of flight {unknown}
 m - a potion of degeneration {unknown}
Miscellaneous
 c - a piece from Xom's chessboard (15/15) (quivered)


   Skills:
 + Level 3.2 Fighting
 + Level 2.9 Axes
 + Level 2.1 Armour
 + Level 1.3 Dodging


You had one spell level left.
You didn't know any spells.
Your spell library contained the following spells:

 Spells                   Type           Power      Damage    Failure   Level
 Cigotuvi's Dreadful Rot  Necr/Pois/Air  0%         N/A       52%         2
 Ignite Poison            Fire/Tmut/Pois 0%         N/A       75%         3
 Freezing Cloud           Conj/Ice/Air   0%         6-21      100%        5


Dungeon Overview and Level Annotations

Branches:
Dungeon (2/15)

Altars:


Innate Abilities, Weirdness & Mutations

You are partially covered in yellow scales. (AC +2)


Message History

You are too injured to fight recklessly!
Unknown command.
The orb spider attacks as you move away!
The orb spider bites you.
* * * LOW HITPOINT WARNING * * *
The orb spider pulsates with a strange energy.
You start resting.
A floating eye comes into view.
The floating eye seems to glare at you.
There is a stone staircase leading up here.
You can't go down here!
You climb upwards.
There is a stone staircase leading down here.
You start resting.
HP restored.
You climb downwards.
There is a stone staircase leading up here.
You climb upwards.
There is a stone staircase leading down here.
You start waiting.
Done waiting.
You climb downwards.
The yaktaur hits you!
Ouch! That really hurt!
There is a stone staircase leading up here.
You are too injured to fight recklessly!
You are too injured to fight recklessly!
The yaktaur barely misses you.
You climb upwards.
There is a stone staircase leading down here.
A hog comes into view.
There is a stone staircase leading down here.
The hog changes into a sky beast!
The sky beast changes into an ice beast!
The ice beast hits you. The ice beast freezes you!
* * * LOW HITPOINT WARNING * * *
The ice beast attacks as you move away! The ice beast hits you.
* * * LOW HITPOINT WARNING * * *
The ice beast freezes you.
You die...
Xom giggles madly!

#####......#####
#.......##...[.#
###.......##.###.#
#.'.......##.# #.########
#.#.......##.###.##.....######
#.#.......#...##....###.......
#.#..............#####>.....>.
#.#####....###Y#.## ##..♣♣♣..#
#.# #...>..@....###.♣♣♣♣♣♣♣.
#.# ##.#.###.##.##.♣♣♣∩∩∩♣♣.
#.# #.#.###.......♣♣∩...∩..
#.######'#...####...♣♣♣.....♣♣
#..............##...♣♣∩.♣.♣.∩♣
#............#).........♣<♣.∩♣
##...........#..##).♣♣∩.♣.♣.∩♣
######......##.....♣♣♣......♣
###########....♣♣∩...∩♣.


You could see an ice beast shaped shifter.

Vanquished Creatures
  2 giant cockroaches (D:1)
  A goblin (D:1)
  2 hobgoblins (D:1)
  3 quokkas (D:1)
  2 ball pythons (D:1)
  2 bats (D:1)
  A frilled lizard (D:1)
  2 kobolds (D:1)
  A rat (D:1)
16 creatures vanquished.

Notes
Turn   | Place    | Note
-------+----------+-------------------------------------------
     0 | D:1      | Azazsd the Demonspawn Chaos Knight began the quest for the
                  | Orb.
     0 | D:1      | Reached XP level 1. HP: 18/18 MP: 1/1
    48 | D:1      | XOM: silly message
    49 | D:1      | Reached skill level 1 in Dodging
   184 | D:1      | XOM: silly message
   196 | D:1      | Gained mutation: You are partially covered in yellow
                  | scales. (AC +2) [demonic ancestry]
   196 | D:1      | Reached XP level 2. HP: 24/24 MP: 2/2
   369 | D:1      | XOM: silly message
   554 | D:2      | an adder changed into a glowing shapeshifter
   554 | D:2      | Noticed a glowing shapeshifter (glowing shapeshifter)
   554 | D:2      | a glowing shapeshifter changed into an orb spider
   554 | D:2      | Noticed an orb spider (glowing shapeshifter)
   573 | D:2      | Noticed a floating eye
   631 | D:2      | Noticed a yaktaur
   746 | D:1      | Noticed a hog
   747 | D:1      | a hog changed into a sky beast
   747 | D:1      | Noticed a sky beast (glowing shapeshifter)
   748 | D:1      | a sky beast changed into an ice beast
   748 | D:1      | Noticed an ice beast (glowing shapeshifter)
   750 | D:1      | Slain by an ice beast (glowing shapeshifter)

Illustrated notes

Levels and vault maps discovered:
D:1:      heliophobic_arrival_henge, layout_basic
D:2:      layout_loops_corners, nicolae_ecumenical_pavilion,
          serial_co_window_serial, co_window_paths_b,
          co_window_of_opportunity_a, co_window_paths_a, co_window_cross_1,
          co_window_corner_a, co_window_broadway_c, co_window_broadway_c,
          co_window_broadway_a, co_window_of_opportunity_b, co_window_sun,
          glass_columns_a, minmay_circle_x

Skill      XL: |  1 |
---------------+----+-----
Dodging        | 1 |  1.3
Armour         | 2 |  2.1
Fighting       | |  3.2
Axes           | |  2.9

Action                     || total
---------------------------++-------
  Melee: Hand axe          ||    53
 Armour: Leather armour    ||    21
  Dodge: Dodged            ||    37
